 Dungeon Crawl Stone Soup version 0.28.0-53-g5a82cb258f (webtiles) character file.

Game seed: 9975584886185715436

4 ILmort the Digger (level 1, 0/10 HPs)
             Began as a Gargoyle Earth Elementalist on Aug 13, 2022.
             Slain by a jackal (3 damage)
             ... on level 1 of the Dungeon.
             The game lasted 00:01:00 (91 turns).

ILmort the Digger (Gargoyle Earth Elementalist)       Turns: 91, Time: 00:01:01

Health: 0/10       AC:  4    Str: 11    XL:     1   Next: 70%
Magic:  1/3        EV: 11    Int: 15    God:
Gold:   0          SH:  0    Dex: 10    Spells: 3/4 levels left

rFire   . . .      SeeInvis .   d - +0 dagger
rCold   . . .      Faith    .   (no shield)
rNeg    + . .      Spirit   .   b - +0 robe
rPois   ∞          Reflect  .   (no helmet)
rElec   +          Harm     .   (no cloak)
rCorr   .          Rampage  .   (no gloves)
Will    .....                   (no boots)
Stlth   ++........              (no amulet)
HPRegen 0.03/turn               (no ring)
MPRegen 0.08/turn               (no ring)

@: no status effects
A: sickness immunity, AC +2, negative energy resistance 1, electricity
resistance, torment resistance 1, petrification resistance
a: no special abilities


You were on level 1 of the Dungeon.
You visited 1 branch of the dungeon, and saw 1 of its levels.

Inventory:

Hand Weapons
 d - a +0 dagger (weapon)
Missiles
 c - 24 stones
Armour
 b - a +0 robe (worn)
Scrolls
 a - 3 scrolls of holy word {unknown}


   Skills:
 - Level 1.5 Dodging
 - Level 2.1 Stealth
 + Level 2.2 Spellcasting
 - Level 0.7 Transmutations
 + Level 3.8 Earth Magic


You had 3 spell levels left.
You knew the following spells:

 Your Spells              Type           Power      Damage    Failure   Level
a - Sandblast             Erth           26%        2d8       4%          1

Your spell library contained the following spells:

 Spells                   Type           Power      Damage    Failure   Level
 Passwall                 Tmut/Erth      6%         N/A       13%         2
 Stone Arrow              Conj/Erth      14%        3d7       30%         3
 Petrify                  Tmut/Erth      8%         N/A       63%         4


Dungeon Overview and Level Annotations

Branches:
Dungeon (1/15)

Altars:


Innate Abilities, Weirdness & Mutations

You are immune to sickness and miasma.
Your stone body is resilient. (AC +2)
You are immune to poison.
You resist negative energy. (rN+)
You are resistant to electric shocks. (rElec)
You are resistant to unholy torment.
You are immune to petrification.


Message History

The goblin shouts!
A jackal comes into view.
You see here a rat corpse.
The jackal barks! x2; You hear a bark!
Casting: Sandblast (safe; 4% risk of failure)
Aiming: Sandblast (safe; 4% risk of failure)
Aim: a goblin, wielding a +0 dagger (74% to hit)
The blast of sand misses the goblin.
Casting: Sandblast (safe; 4% risk of failure)
Aiming: Sandblast (safe; 4% risk of failure)
Aim: a goblin, wielding a +0 dagger (74% to hit)
The blast of sand hits the goblin!
You kill the goblin!
A jackal comes into view.
Things that are here:
a +0 dagger; a goblin corpse
d - a +0 dagger (weapon)
The jackal barks!
You hit the jackal but do no damage. The jackal bites you.
You closely miss the jackal. The jackal barely misses you.
The jackal bites you but does no damage.
The jackal closely misses you.
Casting: Sandblast (safe; 4% risk of failure)
You don't have enough magic to cast this spell.
You closely miss the jackal. The jackal misses you.
The jackal bites you but does no damage.
You hit the jackal but do no damage. The jackal barely misses you.
The jackal misses you.
The jackal bites you but does no damage. x2
The jackal barely misses you. The jackal misses you.
You hit the jackal. The jackal closely misses you. x2
The jackal bites you but does no damage.
You closely miss the jackal. The jackal closely misses you. x2
The jackal barely misses you. The jackal bites you.
You barely miss the jackal. The jackal bites you.
The jackal bites you but does no damage. x4
You closely miss the jackal. The jackal bites you.
* * * LOW HITPOINT WARNING * * *
The jackal bites you.
You die...

..###.#.#.# ........#.#
#.# .## ..# #.#.#.# #.#
..# ..###.#.#.# #.#
..#### ..........#
#.##......
..##.....######.........
........................
.....##.##...##.#.......
.....##.###...†.@.......
..##.##.# #.##.hhh...#..
..##.##.###.###.#....#
.....................#
.....######............
###..# #####.#.......
#... .......... ...#
#.#.#....# ...##


You could see 3 jackals.

Vanquished Creatures
  2 bats (D:1)
  A goblin (D:1)
  A rat (D:1)
4 creatures vanquished.

Notes
Turn   | Place    | Note
-------+----------+-------------------------------------------
     0 | D:1      | ILmort the Gargoyle Earth Elementalist began the quest for
                  | the Orb.
     0 | D:1      | Reached XP level 1. HP: 10/10 MP: 3/3
    91 | D:1      | Slain by a jackal

Illustrated notes

Levels and vault maps discovered:
D:1:      doesnt_arrival_eight_statues, layout_basic,
          shapermc_ecumenical_altar_gd, serial_shops, shop,
          minmay_split_cup_large

Action                   || total
-------------------------++-------
Melee: Dagger            ||     8
 Cast: Sandblast         ||     6
Armor: Robe              ||     9
Dodge: Dodged            ||    12
